 Dungeon Crawl Stone Soup version 0.27-a0-1322-gfdffb62a71 (webtiles) character file.

Game seed: 3766746065181472756

24 ipx the Firebug (level 2, 20/20 HPs)
             Began as a Draconian Fire Elementalist on June 23, 2021.
             Was a Follower of Okawaru.
             Got out of the dungeon alive.
             The game lasted 00:05:09 (332 turns).

ipx the Firebug (Draconian Fire Elementalist)        Turns: 332, Time: 00:05:10

Health: 20/20      AC:  4    Str: 10    XL:     2   Next: 79%
Magic:  5/5        EV: 12    Int: 15    God:    Okawaru [*.....]
Gold:   12         SH:  0    Dex: 11    Spells: 4/5 levels left

rFire    . . .     SeeInvis .   (no weapon)
rCold    . . .     Faith    .   (no shield)
rNeg     . . .     Spirit   .   (armour unavailable)
rPois    .         Reflect  .   (helmet restricted)
rElec    .         Harm     .   (no cloak)
rCorr    .         Rampage  .   (no gloves)
Will     .....                  (no boots)
Stlth    ++........             (no amulet)
HPRegen  0.06/turn              (no ring)
MPRegen  0.09/turn              (no ring)

@: no status effects
A: AC +4, unfitting armour, cold-blooded
a: Renounce Religion, Heroism


You escaped.
You worshipped Okawaru.
Okawaru was aware of your devotion.
You visited 1 branch of the dungeon, and saw 2 of its levels.

You collected 12 gold pieces.

Inventory:

Missiles
 c - 3 boomerangs
Scrolls
 a - a scroll of identify {unknown}
 b - a scroll of enchant weapon {unknown}
 e - a scroll of immolation {unknown}
Potions
 d - a potion of might {unknown}


   Skills:
 - Level 1.7 Dodging
 - Level 1.7 Stealth
 - Level 2.0 Spellcasting
 * Level 2.3 Conjurations
 + Level 3.3 Fire Magic


You had 4 spell levels left.
You knew the following spells:

 Your Spells              Type           Power      Damage    Failure   Level
z - Foxfire               Conj/Fire      40%        2x1d6     7%          1

Your spell library contained the following spells:

 Spells                   Type           Power      Damage    Failure   Level
 Conjure Flame            Conj/Fire      10%        6-21      21%         3
 Inner Flame              Hex/Fire       6%         N/A       32%         3
 Sticky Flame             Conj/Fire      10%        2d3       56%         4
 Fireball                 Conj/Fire      5%         3d5       88%         5


Dungeon Overview and Level Annotations

Branches:
Dungeon (2/15)

Altars:
Okawaru


Innate Abilities, Weirdness & Mutations

Your plain brown scales are hard. (AC +4)
You cannot fit into any form of body armour.
You are cold-blooded and may be slowed by cold attacks.


Message History

Found a grey potion.
You see here 3 boomerangs.
c - 3 boomerangs
d - a grey potion
e - a scroll labelled XATYLU YPOTHAU You now have 12 gold pieces.
As you open the huge gate, it creaks loudly!
You hear a shout!
Found 11 gold pieces.
Found a faded altar of an unknown god.
There is a huge open gate here.
There is a huge open gate here.
There is a faded altar of an unknown god here.
You cannot tell which god this altar belongs to.
Convert to them anyway?
Okawaru accepts your prayer! Okawaru welcomes you!
You can now gain great but temporary skills.
There is a huge open gate here.
A kobold comes into view. It is wielding a +0 whip.
There is a huge open gate here.
Casting: Foxfire (safe; 7% risk of failure)
Confirm with . or Enter, or press ? or * to list all spells.
You miscast Foxfire.
You are very lightly contaminated with residual magic.
Nothing appears to happen.
The kobold throws a stone.
The stone hits you but does no damage.
Casting: Foxfire (safe; 7% risk of failure)
Confirm with . or Enter, or press ? or * to list all spells.
You conjure some foxfire!
The kobold throws a stone.
The stone barely misses you.
The foxfire hits the kobold but does no damage.
The foxfire hits the kobold.
You kill the kobold!
Okawaru accepts your kill.
Your magical contamination has completely faded away.
You enter the shallow water.
Moving in this stuff is going to be slow.
There is a staircase leading out of the dungeon here.
Are you sure you want to leave the Dungeon?
This will make you lose the game!
Magic restored.
You have escaped!

#...†........................
#..........................(.
#............................
#..#################.......##
#..#≈≈≈≈≈≈≈≈..##...........#
##.#≈≈≈≈≈≈...........##....##
#.#≈≈≈........≈≈≈≈...#..#...
..#≈≈......≈≈≈≈..≈≈.....#.##
..#≈.....≈≈@≈≈≈≈..≈....##.#.
..#≈.....≈≈≈≈≈≈≈≈≈......#...
#..#≈......≈≈.≈≈≈..≈....#....
≈≈......≈≈.≈.≈≈....##....
≈≈≈......≈.≈≈≈.....###..#
≈≈≈≈≈≈......≈....... ....
≈≈≈≈≈≈≈≈≈.......###....##
############### ######


There were no monsters in sight!

Vanquished Creatures
  2 dart slugs (D:1)
  4 ball pythons (D:1)
  2 endoplasms (D:1)
  A giant cockroach (D:1)
  A hobgoblin (D:1)
  2 kobolds (D:1)
  2 bats (D:1)
  A frilled lizard (D:1)
  3 goblins
  3 rats (D:1)
21 creatures vanquished.

Vanquished Creatures (others)
  37 foxfires (D:1)
37 creatures vanquished.

Grand Total: 58 creatures vanquished

Notes
Turn   | Place    | Note
-------+----------+-------------------------------------------
     0 | D:1      | ipx the Draconian Fire Elementalist began the quest for the
                  | Orb.
     0 | D:1      | Reached XP level 1. HP: 14/14 MP: 3/3
    80 | D:2      | Reached XP level 2. HP: 20/20 MP: 0/5
   302 | D:1      | Found a faded altar of an unknown god.
   306 | D:1      | Became a worshipper of Warmaster Okawaru
   306 | D:1      | Reached * piety under Okawaru
   332 | D:$      | Got out of the dungeon alive.

Illustrated notes

Levels and vault maps discovered:
D:1:      dpeg_arrival_more_subterranean_lakeside_camping, layout_rooms,
          hellmonk_ecumenical_altar_heavens_door, serial_shops,
          nicolae_shop_window_shopping
D:2:      layout_rooms, serial_corexii_hall, corexii_hall_statues_i,
          corexii_hall_statues_x, chequers_hall_statues_wall_a, basic_altar

Skill      XL: |  1  2 |
---------------+-------+-----
Conjurations   | 2 |  2.3
Dodging        | |  1.7
Stealth        | |  1.7
Spellcasting   | |  2.0
Fire Magic     | |  3.3

Action                   || total
-------------------------++-------
Melee: Unarmed           ||    15
       Tailslap          ||     2
 Cast: Foxfire           ||    23
Armor: Skin              ||     7
Dodge: Dodged            ||    17

Table legend: (Time is in decaauts)
 A = Elapsed time spent in this place.
 B = Non-inter-level travel time spent in this place.
 C = Inter-level travel time spent in this place.
 D = Time resting spent in this place.
 E = Time spent auto-exploring this place.
 F = Levels seen in this place.
 G = Mean time per level.
                   A        B        C        D        E       F      G
               +--------+--------+--------+--------+--------+-----+--------+
         Total |    345 |    333 |     12 |      0 |      0 |   2 |  172.5 |
       Dungeon |    345 |    333 |     12 |      0 |      0 |   2 |  172.5 |
               +--------+--------+--------+--------+--------+-----+--------+

Top non-repeatable levels by time:
     D:1: 343 daAuts
     D:2: 2 daAuts
